Map: Cyber Forest LE

Players

MarineLorD

  • Race: Terran Terran
  • League: Grandmaster
  • Spawn Location: 11:00

Reynor - Winner!

  • Race: Zerg Zerg
  • League: Master
  • Spawn Location: 5:00

Event: 2019 WCS Winter Europe

VOD

Have the link to the VOD?

Description

Time

  • Played on: Feb. 8, 2019, 9:34 a.m.
  • Length: 16:57

All games in this series

Show
View Real Time Build Order
Export as new Build Order

MarineLorD Terran 

Build Orders: Gas First Reaper Expand, Mech 

Get SALT Encoding   

  12  0:00  SCV  
  13  0:12  SCV  
  14  0:17  Supply Depot  
  14  0:24  SCV  
  15  0:31  Refinery  
  15  0:38  SCV  
  16  0:44  Barracks  
  16  0:50  SCV  
  17  1:02  SCV  
  18  1:14  SCV  
  19  1:30  Orbital Command  
  19  1:31  Reaper  
  20  1:42  Command Center  
  20  1:52  Factory  
  20  1:56  SCV  
  21  2:08  SCV  
  21  2:09  Supply Depot, Barracks Reactor  
  22  2:20  SCV  
  23  2:32  SCV  
  24  2:38  Command Center  
  24  2:45  SCV  
  24  2:50  Hellion x2  
  29  2:57  Orbital Command  
  29  3:00  SCV  
  30  3:11  Starport  
  30  3:13  SCV  
  30  3:19  Hellion  
  32  3:24  SCV  
  33  3:28  SCV, Refinery  
  33  3:31  Hellion  
  36  3:36  SCV  
  36  3:40  SCV  
  33  3:48  Viking, SCV  
  38  3:52  SCV, Orbital Command  
  41  4:00  SCV  
  41  4:01  Hellion x2  
  46  4:04  SCV  
  47  4:12  SCV  
  47  4:16  SCV  
  49  4:19  SCV  
  49  4:22  Hellion  
  49  4:23  Hellion, Supply Depot  
  54  4:24  SCV  
  54  4:29  SCV  
  56  4:32  SCV  
  56  4:33  Supply Depot  
  56  4:37  SCV  
  58  4:40  Armory x2  
  58  4:41  Refinery  
  58  4:44  SCV, Refinery  
  59  4:49  SCV  
  61  4:52  SCV  
  61  4:57  SCV  
  62  5:05  SCV, Hellion x2  
  61  5:12  Orbital Command  
  61  5:13  Starport Tech Lab  
  61  5:14  SCV, Barracks Tech Lab  
  60  5:15  Factory  
  60  5:16  Factory  
  60  5:19  SCV  
  62  5:26  SCV, Hellion x2  
  67  5:28  Supply Depot  
  67  5:31  SCV  
  67  5:35  Terran Vehicle And Ship Armor Level 1, Terran Vehicle Weapons Level 1  
  68  5:38  SCV  
  68  5:41  SCV  
  70  5:43  SCV  
  70  5:48  Hellion x2  
  75  5:51  SCV  
  75  5:53  SCV  
  75  5:55  Supply Depot  
  77  5:57  SCV, Refinery  
  77  5:58  Refinery, Barracks Reactor  
  77  6:03  SCV  
  79  6:07  Thor  
  85  6:14  Supply Depot  
  85  6:16  SCV x2, Thor, Supply Depot  
  93  6:30  Infernal Pre-Igniter, Supply Depot  
  93  6:32  Supply Depot  
  93  6:36  SCV x3  
  93  6:39  Medivac x2  
  100  6:41  Hellbat x2  
  104  6:48  SCV x3  
  104  6:50  Supply Depot x2  
  104  6:53  Siege Tank  
  110  6:59  Siege Tank  
  110  7:00  SCV x2  
  110  7:01  SCV  
  116  7:03  Hellbat x2  
  120  7:09  Factory  
  120  7:10  Factory  
  120  7:11  Barracks Reactor  
  120  7:14  Supply Depot  
  120  7:18  SCV x2  
  120  7:20  Viking x2  
  126  7:25  Hellbat x2  
  130  7:30  Siege Tank  
  130  7:33  SCV  
  130  7:34  SCV  
  135  7:38  Siege Tank  
  135  7:40  Command Center  
  138  7:49  Hellbat x2  
  140  8:05  Siege Tank, Factory Tech Lab  
  143  8:10  Siege Tank  
  143  8:11  Hellbat  
  148  8:14  Supply Depot  
  148  8:15  Supply Depot x2  
  148  8:18  Hellbat  
  148  8:19  Viking, Hellbat  
  156  8:20  Hellbat  
  156  8:22  Supply Depot  
  156  8:26  Terran Vehicle Weapons Level 2, Terran Vehicle And Ship Armor Level 2  
  156  8:36  Viking, Siege Tank  
  156  8:38  Supply Depot x2  
  156  8:40  Supply Depot  
  156  8:41  Engineering Bay  
  159  8:45  Hellbat x2, Siege Tank x2  
  159  8:46  Hellbat  
  171  8:57  Viking  
  171  9:02  SCV x2  
  175  9:06  Viking  
  175  9:09  Refinery  
  177  9:11  Refinery  
  177  9:18  SCV  
  177  9:19  Planetary Fortress, SCV  
  179  9:25  Siege Tank x2  
  179  9:26  Hellbat x2  
  179  9:27  Hellbat  
  179  9:30  Viking  
  193  9:36  Viking  
  189  9:42  Siege Tank  
  188  9:48  SCV x3  
  189  9:57  Siege Tank  
  192  10:00  Viking  
  192  10:02  Hellbat x2  
  192  10:05  Viking  
  194  10:07  Siege Tank  
  194  10:08  Hellbat  
  194  10:11  Command Center  
  193  10:28  Siege Tank  
  193  10:29  Hellbat  
  193  10:32  Viking  
  188  10:35  Viking  
  188  10:38  Command Center  
  188  10:40  Hellion, Hellbat, Siege Tank, Factory  
  193  10:43  Factory  
  193  10:44  Siege Tank  
  175  10:51  Hellbat x2  
  170  11:01  Siege Tank  
  170  11:02  Viking  
  162  11:05  Viking  
  162  11:09  Hellion x2  
  162  11:12  Factory  
  162  11:13  SCV  
  162  11:14  SCV x2  
  162  11:18  SCV, Missile Turret  
  162  11:34  Hellbat x2  
  162  11:35  Hellbat x2, Hellion x3  
  163  11:45  Factory Tech Lab  
  163  11:46  Factory Reactor  
  159  11:51  SCV x5  
  159  11:52  Terran Vehicle Weapons Level 3, Terran Vehicle And Ship Armor Level 3  
  160  12:02  Siege Tank x2, Factory Tech Lab  
  160  12:03  Hellbat x4  
  174  12:19  Sensor Tower  
  174  12:20  Liberator  
  174  12:21  Hellbat, Siege Tank, Liberator  
  174  12:22  Hellbat  
  181  12:23  Hellbat x2  
  181  12:25  Hellbat x2  
  180  12:34  Siege Tank x2  
  182  12:43  Refinery  
  184  12:44  Supply Depot  
  184  12:45  Supply Depot  
  184  12:56  Planetary Fortress  
  184  13:05  Supply Depot  
  184  13:10  Thor, Command Center  
  170  13:28  Viking x2  
  170  13:30  Thor  
  170  13:32  Thor  
  186  13:39  Smart Servos  
  183  13:58  Viking x2, Siege Tank x2  
  193  14:03  Hellbat x2, Siege Tank  
  197  14:10  Orbital Command  
  197  14:15  Liberator  
  185  14:20  Hellbat x3, Siege Tank  
  185  14:23  Hellbat, Siege Tank  
  196  14:24  Orbital Command  
  196  14:29  Terran Ship Weapons Level 1  
  199  14:48  Orbital Command  
  196  14:53  Refinery  
  193  15:04  Siege Tank  
  196  15:10  Orbital Command  
  196  15:14  Refinery  
  196  15:17  Missile Turret  
  196  15:18  Viking x2  
  193  15:39  Command Center  
  193  15:42  Sensor Tower  
  193  15:51  Orbital Command  
  175  15:57  Siege Tank x4  
  187  16:04  Siege Tank  
  187  16:05  Hellbat x4  
  187  16:06  Hellbat x2  
  174  16:26  Hellbat  
  174  16:27  Hellbat  
  177  16:49  Refinery  
  177  16:53  Refinery  
Show
View Real Time Build Order
Export as new Build Order

Reynor Zerg - Winner!

Build Orders: Hatch First, Swarm Host 

Get SALT Encoding   

  12  0:00  Drone  
  13  0:12  Overlord  
  13  0:17  Drone  
  14  0:30  Drone x2  
  16  0:49  Hatchery  
  15  0:51  Drone  
  15  0:56  Drone  
  17  0:59  Drone  
  18  1:11  Extractor  
  17  1:14  Spawning Pool  
  17  1:17  Drone  
  17  1:20  Drone  
  18  1:27  Drone  
  19  1:38  Drone  
  20  1:49  Overlord  
  20  2:01  Queen x2  
  20  2:02  Zergling x4  
  26  2:10  Drone  
  26  2:11  Metabolic Boost  
  26  2:14  Drone  
  28  2:21  Drone  
  29  2:25  Drone  
  30  2:38  Hatchery  
  30  2:40  Drone  
  30  2:44  Drone  
  30  2:46  Drone  
  32  2:52  Overlord  
  32  2:54  Drone  
  33  2:58  Drone  
  33  3:03  Queen  
  36  3:11  Drone x3  
  39  3:13  Drone  
  39  3:19  Overlord  
  39  3:21  Zergling x2  
  39  3:23  Drone  
  40  3:29  Zergling x4  
  42  3:36  Queen  
  42  3:38  Overlord  
  42  3:39  Drone  
  45  3:46  Drone  
  45  3:47  Drone  
  47  3:48  Drone x3  
  47  3:50  Zergling x2  
  47  3:51  Drone  
  47  3:53  Drone  
  47  3:55  Drone  
  54  4:02  Drone  
  57  4:04  Drone  
  57  4:06  Overlord  
  55  4:17  Zergling x4  
  55  4:18  Drone x5  
  55  4:20  Drone x2  
  64  4:24  Zergling x2  
  64  4:27  Overlord  
  64  4:28  Drone  
  66  4:32  Queen  
  66  4:35  Overlord  
  66  4:38  Overlord  
  68  4:40  Spore Crawler  
  68  4:44  Queen  
  69  4:45  Evolution Chamber  
  69  4:46  Zergling x6  
  69  4:48  Evolution Chamber  
  69  4:49  Overlord  
  69  4:51  Drone x2  
  73  4:52  Drone  
  70  5:02  Zergling x8  
  70  5:03  Drone x2  
  70  5:05  Drone  
  73  5:07  Spore Crawler  
  73  5:09  Spore Crawler  
  73  5:11  Drone x3  
  74  5:17  Zerg Ground Armor Level 1  
  74  5:18  Zergling x2  
  74  5:19  Zergling x2  
  76  5:21  Overlord  
  76  5:23  Queen  
  76  5:25  Drone  
  76  5:26  Drone x2  
  81  5:34  Drone  
  81  5:35  Drone x2  
  84  5:41  Overlord  
  83  5:43  Drone x2  
  83  5:44  Zerg Missile Weapons Level 1  
  83  5:45  Lair, Extractor  
  83  5:47  Extractor, Drone x3  
  83  5:48  Drone x2  
  88  5:52  Overlord  
  88  5:56  Drone  
  90  5:57  Roach Warren, Drone  
  90  5:59  Extractor  
  90  6:00  Drone x2  
  90  6:01  Extractor  
  90  6:03  Hatchery, Drone  
  89  6:04  Extractor  
  89  6:05  Overlord  
  89  6:07  Zergling x2  
  89  6:08  Queen  
  91  6:11  Zergling x4  
  91  6:12  Zergling x4  
  95  6:22  Zergling x6  
  98  6:25  Drone  
  98  6:32  Overlord  
  99  6:41  Roach x11  
  99  6:44  Overseer  
  99  6:45  Infestation Pit  
  99  6:47  Overlord  
  120  6:49  Glial Reconstitution  
  120  6:51  Drone  
  120  6:52  Overseer, Drone  
  122  6:58  Roach  
  124  7:02  Roach x2  
  124  7:03  Overlord  
  124  7:05  Drone x3  
  124  7:07  Roach x2  
  135  7:09  Drone  
  135  7:10  Spore Crawler  
  135  7:12  Drone x2  
  135  7:14  Overlord  
  137  7:22  Overlord  
  137  7:24  Extractor  
  137  7:27  Extractor  
  135  7:30  Overlord  
  135  7:31  Roach x2  
  135  7:32  Roach x2  
  135  7:33  Overlord  
  141  7:50  Drone  
  141  7:51  Drone x7  
  144  8:02  Overlord  
  142  8:07  Extractor  
  142  8:09  Swarm Host x3  
  142  8:10  Swarm Host x8  
  142  8:12  Overlord x3  
  174  8:13  Zerg Missile Weapons Level 2  
  174  8:18  Overlord  
  174  8:22  Swarm Host x3  
  183  8:32  Drone x6  
  189  8:36  Roach x2, Spine Crawler  
  189  8:38  Pneumatized Carapace  
  189  8:40  Hatchery, Swarm Host  
  189  8:41  Swarm Host  
  194  8:47  Zerg Ground Armor Level 2  
  197  8:59  Roach  
  199  9:16  Hive  
  199  9:38  Roach x3  
  195  9:56  Roach x4  
  195  9:57  Roach x2  
  197  10:05  Roach x13  
  199  10:15  Overlord  
  189  10:28  Roach  
  189  10:29  Roach x9  
  189  10:32  Roach x2  
  189  10:33  Roach  
  189  10:34  Overlord  
  192  10:36  Overlord  
  183  10:45  Overlord  
  167  10:55  Roach x3  
  167  10:56  Roach x10  
  174  11:08  Roach x6  
  184  11:12  Zerg Ground Armor Level 3, Zerg Missile Weapons Level 3  
  184  11:14  Overlord  
  184  11:20  Extractor  
  184  11:21  Overlord  
  184  11:23  Extractor  
  184  11:24  Overlord x3  
  182  11:31  Hatchery  
  181  11:37  Viper x5  
  181  11:39  Roach x2  
  182  11:42  Roach x4  
  182  11:43  Roach  
  192  11:53  Queen  
  194  11:56  Ravager x6  
  194  11:57  Spine Crawler  
  194  12:00  Spore Crawler  
  198  12:26  Roach  
  198  12:29  Roach  
  197  12:40  Drone x3  
  200  12:47  Extractor  
  199  13:04  Spire  
  165  13:24  Roach  
  165  13:25  Roach x23  
  190  13:29  Ravager x5  
  190  13:31  Roach  
  197  13:36  Roach  
  185  14:14  Roach x6  
  185  14:15  Roach x6  
  196  14:28  Ravager x2  
  196  14:29  Ravager x2  
  200  14:44  Extractor  
  193  14:54  Drone x7  
  198  15:03  Greater Spire  
  198  15:05  Drone x2  
  200  15:16  Hatchery  
  199  15:25  Hatchery  
  190  15:41  Spore Crawler  
  192  15:42  Ravager x3  
  192  15:43  Ravager x2  
  194  15:59  Viper x4  
  192  16:14  Roach  
  192  16:15  Roach x16  
  192  16:17  Roach  
  192  16:18  Roach x3  
Tags
 
Add a new tag
Caveats
  • Supply blocks, unpowered buildings, or Contaminate may cause inaccurate times.
  • Supply counts are checked every 10 seconds.